 Dungeon Crawl Stone Soup version 0.23.2-40-g277498a001 (webtiles) character file.

Game seed: 2859168112108529088

10195 Descartes the Corrupter of Planes (level 11, -6/86 (89) HPs)
             Began as a Formicid Abyssal Knight on Sept 25, 2019.
             Was the Champion of Lugonu.
             Mangled by a seven-headed hydra (10 damage)
             ... on level 1 of the Lair of Beasts.
             The game lasted 00:34:04 (9403 turns).

Descartes the Corrupter of Planes (FoAK)            Turns: 9403, Time: 00:34:05

HP:   -6/86 (89)    AC: 20    Str: 22    XL:     11   Next: 88%
MP:   17/17         EV:  8    Int: 13    God:    Lugonu [******]
Gold: 167           SH: 17    Dex: 14    Spells: 10/10 levels left

rFire    + + .     SeeInvis +   V - +3 great mace "Biotuthru" {venom, Str+3 Dex+4}
rCold    x x .     Gourm    .   p - +0 large shield
rNeg     . . .     Faith    .   z - +1 plate armour {rPois}
rPois    +         Spirit   .   (helmet unavailable)
rElec    .         Reflect  .   C - +1 cloak
rCorr    .         Harm     .   g - +2 pair of gloves
MR       ++...                  (no boots)
Stlth    ..........             d - amulet of regeneration
HPRegen  0.64/turn              F - ring of fire
MPRegen  0.15/turn              T - ring of Interdependent Arising {Fire rPois MR+}

@: no status effects
A: permanent stasis, dig shafts and tunnels, four strong arms, antennae 3
a: Dig, Shaft Self, Depart the Abyss, Bend Space, Banish, Corrupt, Enter the
Abyss, Brand Weapon With Distortion, Renounce Religion


You were on level 1 of the Lair of Beasts.
You worshipped Lugonu.
Lugonu was exalted by your worship.
You were not hungry.

You visited 3 branches of the dungeon, and saw 11 of its levels.
You visited the Abyss 1 time.
You also visited: Sewer and Ossuary.

You collected 710 gold pieces.
You spent 543 gold pieces at shops.

Inventory:

Hand Weapons
 A - the +8 spear "Conservator" {pierce, Int+2}
   (You found it on level 4 of the Dungeon)

   It inflicts extra damage upon your enemies.
   It affects your intelligence (+2).
 R - a +1 hand axe of chopping
 V - the +3 great mace "Biotuthru" (weapon) {venom, Str+3 Dex+4}
   (You took it off an orc warrior on level 8 of the Dungeon)

   It poisons the flesh of those it strikes.
   It affects your strength (+3).
   It affects your dexterity (+4).
Missiles
 m - 306 stones (quivered)
 q - 157 arrows
 t - 12 tomahawks
 w - 7 throwing nets
 x - 8 poisoned needles
Armour
 g - a +2 pair of gloves (worn)
 p - a +0 large shield (worn)
 z - a +1 plate armour of poison resistance (worn)
 C - a +1 cloak (worn)
Jewellery
 d - an amulet of regeneration (around neck)
 D - an uncursed ring of magical power
 F - a ring of fire (left hand)
 S - an uncursed amulet of the acrobat
 T - the ring of Interdependent Arising (right hand) {Fire rPois MR+}
   (You bought it in a shop on level 8 of the Dungeon)

   [ring of fire]

   It enhances your fire magic.
   It protects you from fire.
   It makes you vulnerable to cold.
   It protects you from poison.
   It affects your resistance to hostile enchantments.
Wands
 B - a wand of iceblast (18)
 E - a wand of disintegration (14)
 M - a wand of polymorph (13)
 O - a wand of digging (5)
 P - a wand of flame (11)
Scrolls
 b - a scroll of blinking {unknown}
 f - 5 scrolls of remove curse
 i - 6 scrolls of teleportation {unknown}
 k - 2 scrolls of enchant armour {unknown}
 l - a scroll of fear {unknown}
 n - 3 scrolls of enchant weapon {unknown}
 s - 3 scrolls of fog {unknown}
 v - a scroll of random uselessness {unknown}
 y - 3 scrolls of noise {unknown}
 G - a scroll of magic mapping
Potions
 e - a potion of resistance
 h - 5 potions of lignification
 j - 2 potions of might
 o - 2 potions of heal wounds
 r - 3 potions of flight
 I - 2 potions of curing
 J - a potion of invisibility
 K - 2 potions of brilliance
 N - a potion of cancellation
Comestibles
 a - a chunk of flesh
 c - 21 rations


   Skills:
 + Level 9.0 Fighting
 - Level 3.8(5.1) Axes
 + Level 2.2(3.3) Maces & Flails
 - Level 4.6(5.3) Polearms
 + Level 8.6 Armour
 + Level 6.9 Dodging
 + Level 8.7 Shields
 + Level 9.3 Invocations


You had 10 spell levels left.
You didn't know any spells.
Your spell library was empty.

Dungeon Overview and Level Annotations

Branches:
Dungeon (9/15)             Temple (1/1) D:4            Lair (1/6) D:9
    Orc (0/2) D:9

Altars:
Ashenzari
Cheibriados
Dithmenos
Elyvilon
Fedhas
Gozag
Hepliaklqana
Kikubaaqudgha
Makhleb
Nemelex Xobeh
Okawaru
Qazlal
Ru
Sif Muna
Trog
Uskayaw
Vehumet
Wu Jian
Xom
Yredelemnul
Zin
The Shining One
Beogh

Shops:
D:6 [   D:8 =


Innate Abilities, Weirdness & Mutations

You cannot be hasted, slowed, berserked, paralysed or teleported.
You can dig through walls and to a lower floor.
Your four strong arms can wield two-handed weapons with a shield.
You have a pair of large antennae on your head. (SInv)


Message History

The seven-headed hydra bites you.
* * * LOW HITPOINT WARNING * * *
The seven-headed hydra bites you.
* * * LOW HITPOINT WARNING * * *
You block the seven-headed hydra's attack.
The seven-headed hydra bites you but does no damage.
The seven-headed hydra bites you.
* * * LOW HITPOINT WARNING * * *
You hit the seven-headed hydra but do no damage.
The seven-headed hydra is almost dead.
You block the seven-headed hydra's attack.
The seven-headed hydra bites you!
* * * LOW HITPOINT WARNING * * *
You block the seven-headed hydra's attack. x2
The seven-headed hydra bites you but does no damage.
You block the seven-headed hydra's attack.
The seven-headed hydra closely misses you.
The seven-headed hydra bites you but does no damage. x2
The seven-headed hydra bites you!
You die...

#..+..........
##..#..........
#...#.#.P......
#.............
##.............
#..............
##.....<.......
#..............
#..@...........
##D#.###P.#....
#t#........>..
##....[...#....
#P.P......#....
##........# ..
##.#........
#..#......#.
#...#.##.##


You could see a seven-headed hydra and a crocodile.

Vanquished Creatures
  Harold (D:6)
  A two-headed ogre (D:8)
  The ghost of Tommers the Thaumaturge, a novice DECj of Gozag (D:8)
  Joseph (D:8)
  A troll (D:9)
  2 hippogriffs
  Sigmund (D:2)
  A human (D:9)
  A yak (D:9)
  A hungry ghost (D:8)
  Grum (D:8)
  4 porcupines (D:9)
  Duvessa (D:6)
  2 ice beasts (D:8)
  5 orc warriors
  5 sky beasts
  2 black bears (D:9)
  A necrophage (D:4)
  8 ogres
  4 wolves (D:8)
  4 centaurs
  9 bullfrogs
  A gnoll sergeant (D:9)
  2 scorpions (D:9)
  Dowan (D:7)
  6 killer bees (D:9)
  13 wights
  3 howler monkeys
  5 crimson imps
  A bullfrog zombie (D:9)
  2 centaur zombies
  A bullfrog skeleton (D:8)
  7 hounds
  2 jellies
  Crazy Yiuf (D:6)
  3 centaur skeletons (D:4)
  4 orc priests
  Terence (D:2)
  5 iguanas
  9 orc wizards
  6 worker ants
  A big kobold zombie (Ossuary)
  3 hound zombies
  2 hound skeletons
  A howler monkey zombie (D:7)
  8 mummies (Ossuary)
  15 gnolls
  A river rat (D:4)
  7 adders
  2 shadow imps
  4 oozes
  4 adder zombies
  10 worms
  2 dart slugs
  9 leopard geckos
  42 orcs
  4 ball pythons
  17 bats
  3 bat zombies (D:2)
  8 giant cockroaches
  5 hobgoblins
  14 jackals
  10 kobolds
  7 quokkas
  4 frilled lizards
  A giant cockroach zombie (D:4)
  A gnoll zombie (Ossuary)
  7 goblins
  2 hobgoblin zombies (Ossuary)
  2 kobold zombies (Ossuary)
  A leopard gecko skeleton (D:4)
  2 orc zombies (Ossuary)
  7 rats
  A rat zombie (D:2)
337 creatures vanquished.

Vanquished Creatures (others)
  16 fungi (D:9)
  A plant (D:9)
17 creatures vanquished.

Grand Total: 354 creatures vanquished

Notes
Turn   | Place    | Note
-------+----------+-------------------------------------------
     0 | Abyss:1  | Descartes the Formicid Abyssal Knight began the quest for
                  | the Orb.
     0 | Abyss:1  | Reached XP level 1. HP: 18/18 MP: 2/2
    30 | Abyss:1  | Found a corrupted altar of Lugonu.
    40 | Abyss:1  | Noticed a hellwing
    40 | Abyss:1  | Noticed a storm dragon skeleton
    43 | Abyss:1  | Noticed a smoke demon
    65 | Abyss:1  | Noticed a yellow draconian stormcaller
    67 | Abyss:1  | Noticed a lindwurm
    67 | Abyss:1  | Noticed a komodo dragon
    67 | Abyss:1  | Noticed a death drake
    68 | Abyss:1  | Noticed a ynoxinul
    72 | Abyss:1  | Noticed a rime drake
    72 | Abyss:1  | Noticed a death drake
    72 | Abyss:1  | Noticed a swamp drake
    80 | D:1      | Escaped the Abyss
   142 | D:1      | Reached skill level 1 in Dodging
   165 | D:1      | Reached XP level 2. HP: 24/24 MP: 3/3
   183 | D:1      | Reached * piety under Lugonu
   437 | D:1      | Reached XP level 3. HP: 27/29 MP: 4/4
   883 | D:2      | Found an ancient bone altar of Kikubaaqudgha.
   928 | D:2      | Reached ** piety under Lugonu
   957 | D:2      | Reached XP level 4. HP: 34/37 MP: 6/6
  1250 | D:2      | Found a white marble altar of Elyvilon.
  1565 | D:2      | Noticed Terence
  1594 | D:2      | Killed Terence
  1594 | D:2      | Reached skill level 1 in Shields
  1594 | D:2      | Reached XP level 5. HP: 40/42 MP: 7/7
  1652 | D:2      | Noticed Sigmund
  1666 | D:2      | Killed Sigmund
  1666 | D:2      | Reached XP level 6. HP: 49/49 MP: 8/8
  2125 | D:3      | Reached XP level 7. HP: 55/55 MP: 9/9
  2347 | D:3      | Reached *** piety under Lugonu
  2586 | D:4      | Found a staircase to the Ecumenical Temple.
  2619 | D:4      | Found a glowing drain.
  2657 | Sewer    | Entered a sewer
  3256 | D:4      | Found a shadowy altar of Dithmenos.
  3317 | D:4      | Reached **** piety under Lugonu
  3317 | D:4      | Reached XP level 8. HP: 49/58 MP: 11/11
  3322 | D:4      | Reached skill level 5 in Fighting
  3422 | D:4      | Noticed a +0 dagger
  3422 | D:4      | Noticed a +0 dagger
  3423 | D:4      | Found a hide-covered altar of Uskayaw.
  3475 | D:4      | Got a translucent spear
  3476 | D:4      | Identified the +8 spear "Conservator" {pierce, Int+2} (You
                  | found it on level 4 of the Dungeon)
  3832 | D:4      | Found a blossoming altar of Fedhas.
  4030 | Temple   | Entered the Ecumenical Temple
  4279 | D:5      | Entered Level 5 of the Dungeon
  4282 | D:5      | Reached skill level 1 in Polearms
  4303 | D:5      | Reached skill level 5 in Invocations
  4322 | D:5      | Found a sacrificial altar of Ru.
  4324 | D:5      | Found a shattered altar of Ashenzari.
  4324 | D:5      | Found a shimmering altar of Xom.
  4340 | D:5      | Found a deep blue altar of Sif Muna.
  4340 | D:5      | Found a sparkling altar of Nemelex Xobeh.
  4340 | D:5      | Found a glowing golden altar of the Shining One.
  4422 | D:5      | Found a snail-covered altar of Cheibriados.
  4541 | D:5      | Reached skill level 5 in Armour
  4569 | D:5      | Reached XP level 9. HP: 57/66 MP: 13/13
  5107 | D:6      | Found a sparkling altar of Nemelex Xobeh.
  5111 | D:6      | Reached skill level 5 in Shields
  5150 | D:6      | Found a sand-covered staircase.
  5169 | Ossuary  | Entered an ossuary
  5230 | Ossuary  | Reached ***** piety under Lugonu
  5563 | D:6      | Found an iron altar of Okawaru.
  5691 | D:6      | Found a runed translucent door.
  5692 | D:6      | Noticed Crazy Yiuf
  5703 | D:6      | Killed Crazy Yiuf
  6120 | D:6      | Found Fystrakoy's Antique Armour Emporium.
  6425 | D:7      | Noticed a hippogriff
  6435 | D:7      | Killed a hippogriff
  6435 | D:7      | Reached XP level 10. HP: 59/74 MP: 13/15
  6614 | D:7      | Noticed Dowan
  6629 | D:7      | Killed Dowan
  6735 | D:7      | Reached skill level 5 in Dodging
  6769 | D:7      | Noticed Harold
  6843 | D:7      | Noticed Duvessa
  6860 | D:6      | Killed Duvessa
  7119 | D:6      | Killed Harold
  7671 | D:8      | Found a basalt altar of Yredelemnul.
  7730 | D:8      | Noticed a two-headed ogre
  7760 | D:8      | Killed a two-headed ogre
  7760 | D:8      | Reached XP level 11. HP: 29/83 MP: 15/17
  7863 | D:8      | Found Joq Hohu's Jewellery Shop.
  7867 | D:8      | Bought the ring of Interdependent Arising {Fire rPois MR+}
                  | for 543 gold pieces
  7969 | D:8      | Found an ornate altar of the Wu Jian Council.
  7972 | D:8      | Noticed Joseph
  7990 | D:8      | Killed Joseph
  8070 | D:8      | Noticed Grum
  8093 | D:8      | Killed Grum
  8191 | D:8      | Found a runed translucent gate.
  8192 | D:8      | Noticed Tommers's ghost (novice DECj)
  8194 | D:8      | Found a runed translucent gate.
  8195 | D:8      | Found a runed translucent gate.
  8196 | D:8      | Found a roughly hewn altar of Beogh.
  8198 | D:8      | Identified the +3 great mace "Biotuthru" {venom, Str+3
                  | Dex+4}
  8301 | D:8      | Killed Tommers's ghost
  8541 | D:9      | Reached ****** piety under Lugonu
  8615 | D:9      | Found a bloodstained altar of Trog.
  8765 | D:9      | Reached skill level 1 in Maces & Flails
  8919 | D:9      | Found a staircase to the Lair.
  9073 | D:9      | Found an opulent altar of Gozag.
  9086 | D:9      | Found a staircase to the Orcish Mines.
  9375 | Lair:1   | Entered Level 1 of the Lair of Beasts
  9385 | Lair:1   | Noticed a seven-headed hydra
  9403 | Lair:1   | HP: 4/86 [seven-headed hydra (11)]
  9403 | Lair:1   | Mangled by a seven-headed hydra

Skill      XL: |  1  2  3  4  5  6  7  8  9 10 11 |
---------------+----------------------------------+-----
Dodging        | 1 2 3 4 5 6 |  6.9
Invocations    | 3 4 5 6 8 9 |  9.3
Armour         | 3 4 5 6 7 8 |  8.6
Fighting       | 4 5 6 7 9 |  9.0
Shields        | 1 2 3 4 6 7 8 |  8.7
Axes           | 3 |  3.8
Polearms       | 2 3 4 |  4.6
Maces & Flails | 2 |  2.2

Action                   |  1- 3 |  4- 6 |  7- 9 | 10-12 || total
-------------------------+-------+-------+-------+-------++-------
Melee: Hand axe          |   117 |    87 |       |       ||   204
       Mace              |       |    98 |   222 |       ||   320
       Spear             |       |       |   323 |   329 ||   652
       Unarmed           |       |       |       |     4 ||     4
       Great mace        |       |       |       |   149 ||   149
Invok: Depart the Abyss  |     1 |       |       |       ||     1
 Abil: Dig               |       |     2 |     1 |     4 ||     7
  Use: Scroll            |       |       |     9 |    10 ||    19
       Potion            |       |       |     1 |       ||     1
  Eat: Chunk             |       |     5 |    15 |    13 ||    33
Armor: Leather armour    |    71 |     4 |       |       ||    75
       Chain mail        |       |   107 |    12 |       ||   119
       Plate armour      |       |       |   331 |   190 ||   521
       Skin              |       |       |       |     1 ||     1
Dodge: Dodged            |    84 |    21 |    60 |    68 ||   233
Block: Large shield      |       |   124 |   424 |   376 ||   924
